 Dungeon Crawl Stone Soup version 0.29-a0-563-g64e4043184 (webtiles) character file.

Game seed: 10538445391275736826

136 spiderkeys the Ducker (level 4, 0/28 HPs)
             Began as a Deep Elf Abyssal Knight on June 12, 2022.
             Was a Priest of Lugonu.
             Slain by a river rat (6 damage)
             ... in a sewer.
             The game lasted 00:05:49 (3154 turns).

spiderkeys the Ducker (Deep Elf Abyssal Knight)     Turns: 3154, Time: 00:05:49

Health: 0/28       AC:  4    Str:  8 (10) XL:     4   Next: 98%
Magic:  7/9        EV: 12    Int: 15 (17) God:    Lugonu [***...]
Gold:   118        SH:  0    Dex: 11 (13) Spells: 7/7 levels left

rFire   . . .      SeeInvis .   a - +1 short sword
rCold   . . .      Faith    .   (no shield)
rNeg    . . .      Spirit   .   i - +0 leather armour
rPois   +          Reflect  .   (no helmet)
rElec   .          Harm     .   s - +0 cloak
rCorr   .          Rampage  .   (no gloves)
Will    .....                   (no boots)
Stlth   +.........              (no amulet)
HPRegen 0.09/turn               P - ring of poison resistance
MPRegen 0.11/turn               (no ring)

@: no status effects
A: hooves 1, clumsy 1
a: Renounce Religion, Depart the Abyss, Bend Space, Banish


You were in a sewer.
You worshipped Lugonu.
Lugonu was most pleased with you.
You visited 1 branch of the dungeon, and saw 3 of its levels.
You visited the Abyss 1 time.
You also visited: Sewer.

You collected 118 gold pieces.


Innate Abilities, Weirdness & Mutations

You have large cloven feet.
You are clumsy. (Dex -2)


   Skills:
 + Level 3.0 Fighting
 + Level 2.8 Short Blades
 - Level 0.7 Armour
 + Level 3.5 Dodging
 + Level 2.4 Spellcasting
 + Level 3.0 Invocations


You had 7 spell levels left.
You didn't know any spells.
Your spell library contained the following spells:

 Spells                   Type           Power      Damage    Failure   Level
 Apportation              Tloc           2%         N/A       30%         1
 Alistair's Intoxication  Tmut/Pois      0%         N/A       100%        5

Inventory:

Hand Weapons
 a - a +1 short sword (weapon)
 b - a +0 hunting sling
   (You found it on level 1 of the Dungeon)
Missiles
 f - 63 stones
 p - 3 poisoned darts
Armour
 e - a +0 scale mail
   (You found it on level 1 of the Dungeon)
 i - a +0 leather armour (worn)
 s - a +0 cloak (worn)
   (You found it on level 3 of the Dungeon)
Magical Staves
 r - a staff of conjuration {!a}
   (You found it on level 2 of the Dungeon)
Jewellery
 P - a ring of poison resistance (left hand)
   (You found it on level 1 of the Dungeon)
Wands
 l - a wand of digging (5)
   (You found it on level 2 of the Dungeon)
 m - a wand of flame (19)
   (You took it off a goblin on level 2 of the Dungeon)
Scrolls
 j - 2 scrolls of poison
 n - a scroll of silence {!r}
 o - a scroll of vulnerability {!r!r}
 t - 2 scrolls of enchant armour
 v - a scroll of fear
Potions
 c - a potion of heal wounds {@q2}
 g - a potion of brilliance {unknown}
 q - 2 potions of mutation {!q}
 u - 6 potions of flight

Dungeon Overview and Level Annotations

Branches:
Dungeon (3/15)              Sewer (1/1)

Altars:

#≈≈≈ #≈≈≈# #.≈#
#.≈≈# #≈≈≈
#.≈≈####..####.≈.#
#≈≈≈
#≈≈≈##.#..#.##≈≈≈#
#.'..'.##≈≈.#
#.'..'.##≈≈≈#
#.#..#.##≈≈≈#
###..####≈≈≈# #..#
#≈≈≈# #@§# ##≈≈≈#
#§r#.##≈≈≈#
+.§§.##≈≈.#
+..r.##≈≈†#
#.r#.##≈≈†#
#..####.≈≈# #..#
#≈≈.# #∩∩# #≈≈.#
#### #≈≈†#


You could see 3 river rats.


Message History

😮 HP[+3]
You regained 3 hp, and now have 16/27 hp.
It was a potion of degeneration.
There was something very wrong with that liquid.
You feel weakened.
You feel dopey.
You feel clumsy.
You feel sick. The adder bites you but does no damage.
The adder barely misses you. 😮 HP[+3]
You regained 3 hp, and now have 19/27 hp.
It was a potion of curing.
You feel better.
You feel less invigorated. The adder bites you but does no damage.
The adder bites you.
You are poisoned.
The adder poisons you!
The adder bites you but does no damage. 😕 HP[+6]
You regained 6 hp, and now have 25/27 hp.
Aiming: Throw Flame
Press: ? - help, Shift-Dir - straight line, f - adder
Aim: an adder (moderately wounded, 48% to hit)
The puff of flame hits the adder!
You feel sick. The adder barely misses you. The adder misses you. x2 😕 HP[-1]
You take 1 damage, and now have 24/27 hp.
Aiming: Throw Flame
Press: ? - help, Shift-Dir - straight line, f/p - adder
Aim: an adder (moderately wounded, 48% to hit)
The puff of flame misses the adder.
The puff of flame hits the adder!
You kill the adder!
Lugonu accepts your kill.
You feel sick. The adder bites you but does no damage.
The adder closely misses you.
Your Fighting skill increases to level 3!
Your Invocations skill increases to level 3!
You now have 28 max hp (+1).
Aiming: Throw Flame
Press: ? - help, Shift-Dir - straight line, f - adder
Aim: an adder (severely wounded, 48% to hit)
The puff of flame hits the adder!
You kill the adder!
Lugonu accepts your kill.
You feel sick. The adder closely misses you. 😕 HP[-1]
You take 1 damage, and now have 23/28 hp.
You hit the adder. Your kick misses the adder.
You feel sick.
You are no longer poisoned.
The adder barely misses you. x2 😕 HP[-1]
You take 1 damage, and now have 22/28 hp.
You closely miss the adder. You kick the adder.
The adder bites you but does no damage.
You hit the adder. You kick the adder.
You kill the adder!
Lugonu accepts your kill.
You feel your intelligence returning.
There is a large open door here.
You start resting. 😎 HP[+6]
Your hp is fully restored (28).
There is a large open door here.
Found two gates leading back out of this place.
You open the large door. 2 river rats come into view.
You barely miss the river rat.
You kick the river rat, but do no damage.
The river rat closely misses you.
A river rat comes into view.
You closely miss the river rat. The river rat bites you.
The river rat closely misses you. 😕 HP[-1]
You take 1 damage, and now have 27/28 hp.
You hit the river rat. 😎 HP[+1]
Your hp is fully restored (28).
You closely miss the river rat. Your kick misses the river rat.
The river rat bites you.
The river rat bites you but does no damage. 😕 HP[-4]
You take 4 damage, and now have 24/28 hp.
You hit the river rat. The river rat bites you.
The river rat barely misses you. 😮 HP[-6]
You take 6 damage, and now have 18/28 hp.
MASSIVE DAMAGE!! (PAUSE)
The river rat attacks as you move away! The river rat bites you!
* * * LOW HITPOINT WARNING * * *
😨 HP[-8]
You take 8 damage, and now have 10/28 hp.
MASSIVE DAMAGE!! (PAUSE) Space bends violently around you!
You blink.
The river rat blinks! x2; The river rat closely misses you.
The river rat bites you but does no damage. 😨 HP[-2] MP[-1]
You take 2 damage, and now have 8/28 hp.
You lost 1 mp, and now have 8/9 mp.
Unknown command.
Unknown command.
Space bends violently around you!
You blink.
The river rat bites you.
You die...

Skill      XL: |  1  2  3  4 |
---------------+-------------+-----
Spellcasting   | 1 2 |  2.4
Dodging        | 3 |  3.5
Fighting       | 3 |  3.0
Invocations    | 3 |  3.0
Short Blades   | |  2.8
Armour         | |  0.7

Action                   |  1- 3 |  4- 6 || total
-------------------------+-------+-------++-------
Melee: Short sword       |   128 |    25 ||   153
       Punch             |     1 |       ||     1
       Kick              |       |     3 ||     3
 Fire: Hunting sling     |    23 |    66 ||    89
Invok: Bend Space        |       |     2 ||     2
Evoke: Wand              |       |     5 ||     5
  Use: Scroll            |     5 |     2 ||     7
       Potion            |       |     5 ||     5
 Stab: Sleeping          |     4 |       ||     4
Armor: Leather armour    |    25 |    25 ||    50
Dodge: Dodged            |    90 |    52 ||   142

Levels and vault maps discovered:
D:1:      minmay_arrival_semitransparent, layout_loops_ring,
          hellmonk_ecumenical_altar_watching_god, grunt_decor_one_mirror,
          ebering_dispersal_statue_hall
D:2:      layout_loops_cross, kennysheep_generic_room_15
D:3:      layout_basic, cheibrodos_sewer_entry_sluice, minmay_strange_pillars,
          uniq_robin
Sewer:    sewer_fruit_machine

Notes
Turn   | Place    | Note
-------+----------+-------------------------------------------
     0 | Abyss:1  | spiderkeys the Deep Elf Abyssal Knight began the quest for
                  | the Orb.
     0 | Abyss:1  | Reached XP level 1. HP: 13/13 MP: 4/4
     0 | Abyss:1  | magus.rc [v1.11.3]
    42 | Abyss:1  | Found a corrupted altar of Lugonu.
    46 | Abyss:1  | Found a corrupted altar of Lugonu.
    53 | Abyss:1  | Found a corrupted altar of Lugonu.
   138 | D:1      | You pass through the gate.
   138 | D:1      | Escaped the Abyss
   196 | D:1      | Found a faded altar of an unknown god.
   209 | D:1      | Reached XP level 2. HP: 12/18 MP: 5/5
   213 | D:1      | Noticed a shining eye
   214 | D:1      | Noticed a golden eye
   216 | D:1      | Noticed an eye of devastation
   216 | D:1      | Noticed a golden eye
   219 | D:1      | Reached skill level 1 in Spellcasting
   976 | D:1      | Reached *** piety under Lugonu
  1097 | D:1      | Reached XP level 3. HP: 22/22 MP: 7/7
  1176 | D:1      | You pick up a book of Party Tricks and begin reading...
  1176 | D:1      | You add the spells Apportation and Alistair's Intoxication
                  | to your library.
  1662 | D:2      | Reached skill level 3 in Dodging
  2507 | D:3      | Reached XP level 4. HP: 27/27 MP: 8/8
  2557 | D:3      | Found a glowing drain.
  2617 | Sewer    | Entered a sewer
  2753 | Sewer    | Reached skill level 2 in Spellcasting
  3067 | Sewer    | Gained mutation: You are clumsy. (Dex -2) [potion of
                  | mutation]
  3067 | Sewer    | Gained mutation: You have large cloven feet. [potion of
                  | mutation]
  3067 | Sewer    | HP: 6/27 [adder (1)]
  3075 | Sewer    | Reached skill level 3 in Fighting
  3075 | Sewer    | Reached skill level 3 in Invocations
  3154 | Sewer    | Slain by a river rat

Vanquished Creatures
  5 adders
  A river rat (Sewer)
  A worm (Sewer)
  A dart slug (D:1)
  7 ball pythons
  13 bats
  6 endoplasms
  A giant cockroach (D:1)
  8 goblins
  5 hobgoblins (D:2)
  7 jackals
  3 quokkas
  2 frilled lizards
  7 kobolds
  3 rats
70 creatures vanquished.

Table legend:
 A = Non-vault XP
 B = Vault XP
 C = Vault XP percentage of total XP
 D = Non-vault monster count
 E = Vault monster count
 F = Vault count percentage of total count
                 A         B        C        D         E       F
            +---------+---------+-------+---------+---------+-------
      Total |      96 |      99 |  50.8 |      48 |      22 |  31.4
            +---------+---------+-------+---------+---------+-------
        D:1 |      43 |       0 |   0.0 |      25 |       0 |   0.0
        D:2 |      47 |       2 |   4.1 |      20 |       1 |   4.8
        D:3 |       6 |       1 |  14.3 |       3 |       1 |  25.0
      Sewer |       0 |      96 | 100.0 |       0 |      20 | 100.0
            +---------+---------+-------+---------+---------+-------

Illustrated notes

Table legend:
 A = Kills in this place as a percentage of kills in entire the game.
 B = Kills by you in this place as a percentage of kills by you in the entire game.
 C = Kills by friends in this place as a percentage of kills by friends in the entire game.
 D = Other kills in this place as a percentage of other kills in the entire game.
 E = Experience gained in this place as a percentage of experience gained in the entire game.
 F = Experience gained in this place divided by the number of levels of this place that you have seen.
                   A       B       C       D       E      F
               +-------+-------+-------+-------+-------+----------------------
         Total | 100.0 | 100.0 |   N/A |   N/A | 100.0 |  39.0
       Dungeon |  71.4 |  71.4 |   N/A |   N/A |  50.8 |  33.0
         Sewer |  28.6 |  28.6 |   N/A |   N/A |  49.2 |  96.0
               +-------+-------+-------+-------+-------+----------------------

Table legend: (Time is in decaauts)
 A = Elapsed time spent in this place.
 B = Non-inter-level travel time spent in this place.
 C = Inter-level travel time spent in this place.
 D = Time resting spent in this place.
 E = Time spent auto-exploring this place.
 F = Levels seen in this place.
 G = Mean time per level.
                   A        B        C        D        E       F      G
               +--------+--------+--------+--------+--------+-----+--------+
         Total |   3235 |   3179 |     56 |    525 |   1901 |   5 |  647.0 |
       Dungeon |   2483 |   2427 |     56 |    304 |   1663 |   3 |  827.7 |
         Abyss |    138 |    138 |      0 |      0 |     32 |   1 |  138.0 |
         Sewer |    614 |    614 |      0 |    221 |    206 |   1 |  614.0 |
               +--------+--------+--------+--------+--------+-----+--------+

Top non-repeatable levels by time:
     D:2: 1241 daAuts
     D:1: 1073 daAuts
   Sewer: 614 daAuts
     D:3: 168 daAuts
 Abyss:1: 138 daAuts
